 Dungeon Crawl Stone Soup version 0.31-a0-1338-gb567cfdca4 (webtiles) character file.

Game seed: 10046589209014113210

618 MachoJfn the Magician (level 7, -1/45 HPs)
             Began as a Djinni Fire Elementalist on Dec 21, 2023.
             Slain by an adder (2 damage)
             ... on level 6 of the Dungeon.
             The game lasted 00:16:03 (5157 turns).

MachoJfn the Magician (Djinni Fire Elementalist)    Turns: 5157, Time: 00:16:04

Health: -1/45      AC:  8    Str:  7    XL:     7   Next: 74%
Gold:   318        EV: 14    Int: 19    God:
                   SH:  0    Dex: 25

rFire   + + .        o - staff of alchemy
rCold   x . .        (no shield)
rNeg    . . .        a - +0 robe
rPois   ∞            e - +0 helmet
rElec   .            g - +1 cloak
rCorr   .            q - +2 pair of gloves
SInv    .            (boots unavailable)
Will    +....        t - amulet of the acrobat
Stlth   +++          m - +6 ring of dexterity
HPRegen 0.27/turn    r - +6 ring of dexterity
MPRegen 0.00/turn

%: acrobat, infuse magic (-2 HP)
@: attractive, enlightened, flying
A: sickness immunity, fire resistance 2, cold vulnerability 1, float, innate
caster, HP casting, extra vitality 1
a: no special abilities


You were on level 6 of the Dungeon.
You visited 1 branch of the dungeon, and saw 6 of its levels.
You also visited: Sewer.

You collected 318 gold pieces.

Inventory:

Missiles
 b - 7 poisoned darts
 c - 73 stones (quivered)
 l - 2 throwing nets
 p - 5 large rocks
Armour
 a - a +0 robe (worn)
 e - a +0 helmet (worn)
 g - a +1 cloak (worn)
 h - a +4 ring mail
 q - a +2 pair of gloves (worn)
Magical Staves
 o - a staff of alchemy (weapon)
Jewellery
 m - a +6 ring of dexterity (left hand)
 r - a +6 ring of dexterity (right hand)
 t - an amulet of the acrobat (around neck)
Scrolls
 i - a scroll of summoning
 j - a scroll of blinking
 k - 3 scrolls of fog
 s - 3 scrolls of teleportation
 w - a scroll of revelation {unknown}
 y - 2 scrolls of identify
Potions
 d - 6 potions of curing
 f - 3 potions of lignification
 n - a potion of haste
 u - a potion of might {unknown}


   Skills:
 + Level 3.0 Dodging
 + Level 2.7 Stealth
 * Level 5.3 Spellcasting
 * Level 5.3 Conjurations
 * Level 5.3 Hexes
 * Level 5.3 Summonings
 * Level 5.3 Necromancy
 * Level 5.3 Translocations
 * Level 5.3 Fire Magic
 * Level 5.3 Ice Magic
 * Level 5.3 Air Magic
 * Level 5.3 Earth Magic
 * Level 5.3 Alchemy
 * Level 4.1 Evocations


You knew the following spells:

 Your Spells              Type           Power      Damage    Failure   Level
a - Foxfire               Conj/Fire      100%       2x1d9     1%          1
b - Scorch                Fire           50%        2d7       1%          2
c - Volatile Blastmotes   Fire/Tloc      50%        2d14      4%          3
d - Inner Flame           Hex/Fire       25%        N/A       4%          3
e - Flame Wave            Conj/Fire      25%        2d8       13%         4
f - Necrotise             Necr           100%       1d9       1%          1
g - Lesser Beckoning      Tloc           50%        N/A       1%          2
h - Sigil of Binding      Hex            25%        N/A       4%          3
Your spell library was empty.

Dungeon Overview and Level Annotations

Branches:
Dungeon (6/15)              Sewer (visited)
 Temple: D:4-7

Altars:


Innate Abilities, Weirdness & Mutations

You are immune to sickness and miasma.
You are immune to poison.
Your flesh is very heat resistant. (rF++)
You are vulnerable to cold. (rC-)
You float through the air rather than walking.
You learn spells naturally, not from books.
Your magical power is your life essence.
You have superior vitality. (+4 MHP)


Message History

Casting: Foxfire (safe; 1% risk of failure)
Confirm with . or Enter, or press ? or * to list all spells.
Flames lash the orc.
You kill the orc!
The foxfire hits the orc warrior.
The orc warrior is lightly wounded.
The adder barely misses you.
You barely miss the adder.
The adder is severely wounded.
The adder bites you but does no damage. The adder barely misses you.
The orc warrior misses you.
You hit the adder.
The adder is almost dead.
The adder barely misses you.
The orc warrior hits you with a +0 battleaxe!
The adder bites you but does no damage.
Casting: Scorch (safe; 1% risk of failure)
Confirm with . or Enter, or press ? or * to list all spells.
Flames lash the orc warrior.
The orc warrior is heavily wounded.
The orc warrior's fire resistance burns away.
The orc warrior hits you with a +0 battleaxe!!
* * * LOW HITPOINT WARNING * * *
The adder bites you.
* * * LOW HITPOINT WARNING * * *
You feel better. The adder bites you but does no damage.
The orc warrior hits you with a +0 battleaxe!
* * * LOW HITPOINT WARNING * * *
It was a potion of enlightenment.
You feel more buoyant. The adder misses you. The orc warrior barely misses you.
The orc wizard gestures wildly while chanting.
The orc wizard flickers and vanishes!
Deactivating autopickup; reactivate with Ctrl-A.
It was a potion of attraction.
You feel attractive to monsters. The adder bites you.
* * * LOW HITPOINT WARNING * * *
The orc warrior barely misses you. The adder bites you.
You die...

### #..
#.# #.#
#.# ##
#.# .. .
#S#.#>...
#@o{)....
#####....
..


You could see an orc warrior (combustible) and an adder.

Vanquished Creatures
  An ogre (D:4)
  A bullfrog (Sewer)
  A howler monkey (D:5)
  A gnoll bouda (D:5)
  2 hounds
  10 adders
  4 gnolls (D:5)
  A river rat (D:5)
  A bombardier beetle (D:5)
  A white imp (D:5)
  2 ufetubi (D:5)
  A worm (D:2)
  4 dart slugs
  11 orcs
  8 endoplasms
  16 giant cockroaches
  6 goblins
  13 hobgoblins
  10 jackals
  8 quokkas
  24 ball pythons
  5 bats
  13 frilled lizards
  7 kobolds
  8 rats
159 creatures vanquished.

Vanquished Creatures (collateral kills)
  A ball python (Sewer)
  A hobgoblin (D:3)
2 creatures vanquished.

Vanquished Creatures (others)
  207 foxfires
207 creatures vanquished.

Grand Total: 368 creatures vanquished

Notes
Turn   | Place    | Note
-------+----------+-------------------------------------------
     0 | D:1      | MachoJfn the Djinni Fire Elementalist began the quest for
                  | the Orb.
     0 | D:1      | MachoJfn set off with the following spells memorised:
                  | Foxfire, Scorch, Volatile Blastmotes, Inner Flame, Flame
                  | Wave.
     0 | D:1      | Reached XP level 1. HP: 15/15 MP: 0/0
    61 | D:1      | Reached XP level 2. HP: 18/21 MP: 0/0
   554 | D:1      | Reached XP level 3. HP: 15/25 MP: 0/0
   554 | D:1      | Learned a level 1 spell: Necrotise
   711 | D:1      | Found a faded altar of an unknown god.
  1439 | D:2      | Reached XP level 4. HP: 20/31 MP: 0/0
  2397 | D:3      | Reached XP level 5. HP: 35/35 MP: 0/0
  2397 | D:3      | Learned a level 2 spell: Lesser Beckoning
  2745 | D:3      | Identified the +0 leather armour of Ebof {^Drain rPois
                  | rCorr}
  3041 | D:3      | Reached skill level 1 in Evocations
  3672 | D:4      | Reached XP level 6. HP: 27/40 MP: 0/0
  3925 | D:4      | Noticed an ogre
  3936 | D:4      | Killed an ogre
  4152 | D:5      | Entered Level 5 of the Dungeon
  4244 | D:5      | Reached XP level 7. HP: 37/45 MP: 0/0
  4244 | D:5      | Learned a level 3 spell: Sigil of Binding
  4504 | D:5      | Reached skill level 5 in Spellcasting
  4504 | D:5      | Reached skill level 5 in Conjurations
  4504 | D:5      | Reached skill level 5 in Hexes
  4504 | D:5      | Reached skill level 5 in Summonings
  4504 | D:5      | Reached skill level 5 in Necromancy
  4504 | D:5      | Reached skill level 5 in Translocations
  4504 | D:5      | Reached skill level 5 in Fire Magic
  4504 | D:5      | Reached skill level 5 in Ice Magic
  4504 | D:5      | Reached skill level 5 in Air Magic
  4504 | D:5      | Reached skill level 5 in Earth Magic
  4504 | D:5      | Reached skill level 5 in Alchemy
  4556 | D:5      | Found a glowing drain.
  4561 | Sewer    | Entered a sewer
  5157 | D:6      | HP: 1/45 [adder (3)]
  5157 | D:6      | Slain by an adder

Illustrated notes

Levels and vault maps discovered:
D:1:      dpeg_arrival_water_temple_mockup, layout_loops_ring,
          hellmonk_ecumenical_altar_slurped_away
D:2:      layout_basic, minmay_pentomino_q4
D:3:      layout_loops_corners
D:4:      layout_basic
D:5:      layout_rooms, portal_sewer_entry_e, grunt_ministairs_15
D:6:      layout_basic, nicolae_overflow_hidden_temple, minmay_fountain_box

Skill      XL: |  1  2  3  4  5  6  7 |
---------------+----------------------+-----
Stealth        | 2 |  2.7
Spellcasting   | 4 5 |  5.3
Conjurations   | 4 5 |  5.3
Hexes          | 4 5 |  5.3
Summonings     | 4 5 |  5.3
Necromancy     | 4 5 |  5.3
Translocations | 4 5 |  5.3
Fire Magic     | 4 5 |  5.3
Ice Magic      | 4 5 |  5.3
Air Magic      | 4 5 |  5.3
Earth Magic    | 4 5 |  5.3
Alchemy        | 4 5 |  5.3
Evocations     | 1 2 4 |  4.1
Dodging        | 3 |  3.0

Action                     |  1- 3 |  4- 6 |  7- 9 || total
---------------------------+-------+-------+-------++-------
  Melee: Staff             |       |       |     2 ||     2
   Cast: Foxfire           |    35 |    45 |    54 ||   134
         Scorch            |    21 |    42 |    23 ||    86
         Volatile Blastmot |     3 |     1 |       ||     4
         Necrotise         |       |    17 |     2 ||    19
         Flame Wave        |       |     1 |       ||     1
         Inner Flame       |       |     2 |     4 ||     6
         Sigil of Binding  |       |       |     1 ||     1
    Use: Scroll            |     2 |     8 |     2 ||    12
         Potion            |       |       |     3 ||     3
 Armour: Robe              |     3 |     6 |    17 ||    26
  Dodge: Dodged            |     8 |     6 |    22 ||    36

Table legend: (Time is in decaauts)
 A = Elapsed time spent in this place.
 B = Non-inter-level travel time spent in this place.
 C = Inter-level travel time spent in this place.
 D = Time resting spent in this place.
 E = Time spent auto-exploring this place.
 F = Levels seen in this place.
 G = Mean time per level.
                   A        B        C        D        E       F      G
               +--------+--------+--------+--------+--------+-----+--------+
         Total |   5154 |   4657 |    497 |    706 |   3142 |   7 |  736.3 |
       Dungeon |   4818 |   4321 |    497 |    702 |   3004 |   6 |  803.0 |
         Sewer |    335 |    335 |      0 |      4 |    138 |   1 |  335.0 |
               +--------+--------+--------+--------+--------+-----+--------+

Top non-repeatable levels by time:
     D:2: 1148 daAuts
     D:3: 1114 daAuts
     D:1: 1066 daAuts
     D:4: 820 daAuts
     D:5: 649 daAuts
   Sewer: 335 daAuts
     D:6: 18 daAuts
